 Dungeon Crawl Stone Soup version 0.28-a0-991-g956f0ee3d5 (webtiles) character file.

Game seed: 8076485157921787272

14502 siradein the Scholar of Death (level 11, -9/68 HPs)
             Began as a Demonspawn Necromancer on Dec 4, 2021.
             Was a Follower of Kikubaaqudgha.
             Killed by divine providence
             ... invoked by a smoke demon
              (15 damage)
             ... on level 2 of the Abyss.
             The game lasted 00:38:03 (9896 turns).

siradein the Scholar of Death (DsNe)                Turns: 9896, Time: 00:38:04

Health: -9/68      AC: 13    Str:  8    XL:     11   Next: 89%
Magic:  25/25      EV: 13    Int: 24    God:    Kikubaaqudgha [*.....]
Gold:   170        SH:  0    Dex: 14    Spells: 4/31 levels left

rFire   + . .      SeeInvis .   I - +1 dagger (venom)
rCold   . . .      Faith    .   (no shield)
rNeg    . . .      Spirit   .   H - +0 swamp dragon scales
rPois   +          Reflect  .   z - +0 helmet {Int+3}
rElec   .          Harm     .   (no cloak)
rCorr   .          Rampage  .   i - +0 pair of gloves
Will    .....                   (no boots)
Stlth   +.........              m - amulet of regeneration
HPRegen 1.01/turn               (no ring)
MPRegen 0.38/turn               (no ring)

@: no status effects
A: hooves 2, molten scales 3, demonic guardian 1, magic regeneration
a: Renounce Religion, Receive Corpses


You were on level 2 of the Abyss.
You worshipped Kikubaaqudgha.
Kikubaaqudgha was aware of your devotion.
You visited 2 branches of the dungeon, and saw 10 of its levels.
You visited the Abyss 1 time.
You also visited: Bailey.

You collected 395 gold pieces.
You spent 225 gold pieces at shops.

Inventory:

Hand Weapons
 I - a +1 dagger of venom (weapon)
Missiles
 l - 2 throwing nets
 s - 24 poisoned darts
Armour
 i - a +0 pair of gloves (worn)
 z - a +0 helmet of intelligence (worn)
 H - +0 swamp dragon scales (worn)
Jewellery
 m - an amulet of regeneration (around neck)
 o - an amulet of magic regeneration
Wands
 c - a wand of iceblast (18)
 p - a wand of flame (25)
Scrolls
 d - a scroll of magic mapping
 g - 2 scrolls of amnesia {unknown}
 j - 4 scrolls of teleportation {unknown}
 k - a scroll of enchant armour {unknown}
 q - 2 scrolls of blinking {unknown}
 r - 2 scrolls of fog {unknown}
 w - 2 scrolls of silence {unknown}
 x - a scroll of enchant weapon {unknown}
 y - 3 scrolls of fear {unknown}
 C - a scroll of noise {unknown}
 D - a scroll of brand weapon
 G - a scroll of immolation {unknown}
Potions
 a - 3 potions of mutation
 b - 3 potions of curing
 e - a potion of invisibility
 f - 2 potions of flight
 h - 5 potions of heal wounds
 n - 2 potions of magic {unknown}
 u - a potion of haste {unknown}
 v - a potion of berserk rage {unknown}
 A - a potion of resistance {unknown}
 B - a potion of might
 E - a potion of cancellation {unknown}
Miscellaneous
 F - a phantom mirror


   Skills:
 + Level 10.6 Dodging
 - Level 1.7 Stealth
 + Level 10.7 Spellcasting
 + Level 13.1 Necromancy
 + Level 0.2 Evocations


You had 4 spell levels left.
You knew the following spells:

 Your Spells              Type           Power      Damage    Failure   Level
a - Pain                  Necr           100%       1d9       1%          1
b - Vampiric Draining     Necr           66%        2d10      1%          3
c - Animate Dead          Necr           33%        N/A       1%          4
d - Dispel Undead         Necr           66%        3d23      1%          4
e - Corpse Rot            Necr/Air       88%        N/A       1%          2
f - Death Channel         Necr           33%        N/A       11%         6
g - Agony                 Necr           66%        N/A       1%          5
h - Sublimation of Blood  Necr           66%        N/A       1%          2

Your spell library contained the following spells:

 Spells                   Type           Power      Damage    Failure   Level
 Animate Skeleton         Necr           100%       N/A       1%          1
 Beastly Appendage        Tmut           24%        N/A       16%         1
 Foxfire                  Conj/Fire      48%        2x1d6     16%         1
 Sting                    Tmut/Pois      48%        1d5       16%         1
 Wereblood                Tmut           12%        N/A       22%         2
 Spider Form              Tmut/Pois      12%        N/A       41%         3
 Tukima's Dance           Hex            12%        N/A       41%         3
 Animate Armour           Summ/Erth      24%        N/A       83%         4
 Passage of Golubria      Tloc           12%        N/A       83%         4
 Blade Hands              Tmut           6%         N/A       99%         5
 Silence                  Hex/Air        6%         N/A       99%         5
 Yara's Violent Unravell  Hex/Tmut       6%         3d5       99%         5
 Iron Shot                Conj/Erth      6%         9d2       100%        6
 Lehudib's Crystal Spear  Conj/Erth      6%         10d3      100%        8


Dungeon Overview and Level Annotations

Branches:
Dungeon (9/15)             Temple (1/1) D:7          Bailey (visited)
   Lair: D:8-11         Orc: D:9-12

Altars:
Ashenzari
Cheibriados
Dithmenos
Elyvilon
Gozag
Hepliaklqana
Kikubaaqudgha
Makhleb
Nemelex Xobeh
Okawaru
Qazlal
Ru
Sif Muna
Trog
Uskayaw
Vehumet
Wu Jian
Yredelemnul
Zin

Shops:
D:1 [

Annotations:
D:8 Erolcha


Innate Abilities, Weirdness & Mutations

You have hoof-like feet.
You are completely covered in molten scales. (AC +4, rF+)
A weak demonic guardian rushes to your aid.
You regenerate magic rapidly.


Message History

Magic restored.
Found a hunting sling.
A large abomination comes into view.
There is an empty arch of ancient stone here.
Found a gateway leading deeper into the Abyss.
A smoke demon comes into view.
A chaos spawn comes into view.
The chaos spawn gives a hideous shriek!
The chaos spawn closely misses you. The smoke demon gestures at you.
Something smites you! The chaos spawn hits you! The chaos spawn sears you!
The smoke demon gestures at you. Something smites you!
Found 18 arrows.
A quasit comes into view.
The chaos spawn hits you.
A demonic guardian appears!
You blink.
Your quasit barely misses the chaos spawn.
Your quasit claws the chaos spawn but does no damage.
Your quasit closely misses the chaos spawn.
The smoke demon hits you but does no damage.
The smoke demon barely misses you.
The smoke demon hits you but does no damage.
Your quasit bites the chaos spawn.
Your quasit closely misses the chaos spawn.
Your quasit claws the chaos spawn but does no damage.
The smoke demon gestures at you. Something smites you!
* * * LOW HITPOINT WARNING * * *
Your quasit barely misses the smoke demon.
Your quasit claws the smoke demon.
Your quasit misses the smoke demon.
Your quasit bites the smoke demon but does no damage.
Your quasit completely misses the smoke demon.
Your quasit barely misses the smoke demon.
The smoke demon gestures at you. Something smites you!
* * * LOW HITPOINT WARNING * * *
The smoke demon gestures at you. Something smites you!
You die...
Kikubaaqudgha rasps: "You have failed me!
Welcome... death!"

########## .........###
########
#..........####......###
#......@5..4.3...... ..#
#.###########X#......#
##.4......(#.. #
...5......# ##..
X..#.#.# ..##.#####
#####.# # .##.# .
##....#


You could see a large abomination, a smoke demon, a chaos spawn and a quasit.

Vanquished Creatures
  2 orc knights (Bailey)
  Maggie (D:8)
  A yak (D:8)
  Grum (D:8)
  Menkaure (D:6)
  3 water moccasins
  An ice beast (D:6)
  3 orc warriors
  2 black bears
  A necrophage (D:8)
  2 ogres
  A centaur (D:6)
  2 wolves (D:8)
  A phantom (D:5)
  A kobold brigand (D:8)
  2 bullfrogs
  3 gnoll sergeants
  A scorpion (D:5)
  2 water moccasin zombies (D:6)
  A wyvern skeleton (D:7)
  A water moccasin skeleton (D:5)
  4 killer bees (D:8)
  3 wights (D:8)
  5 hounds
  2 jellies
  3 orc priests
  An iguana (D:6)
  8 orc wizards
  A killer bee zombie (D:7)
  19 gnolls
  7 adders
  2 shadow imps
  A white imp (D:8)
  2 ufetubi
  A worm (D:2)
  4 dart slugs
  31 orcs
  3 endoplasms
  5 giant cockroaches
  10 goblins
  5 hobgoblins
  4 jackals
  4 quokkas
  6 ball pythons
  8 bats
  3 frilled lizards
  25 kobolds
  4 rats
204 creatures vanquished.

Vanquished Creatures (collateral kills)
  2 yaks (D:8)
  2 killer bees (D:8)
  A centaur zombie (D:9)
  5 gnolls
10 creatures vanquished.

Grand Total: 214 creatures vanquished

Notes
Turn   | Place    | Note
-------+----------+-------------------------------------------
     0 | D:1      | siradein the Demonspawn Necromancer began the quest for the
                  | Orb.
     0 | D:1      | Reached XP level 1. HP: 13/13 MP: 3/3
   108 | D:1      | Found Ibluane's Antique Armour Emporium.
   310 | D:1      | Gained mutation: You are partially covered in molten
                  | scales. (AC +2) [demonic ancestry]
   310 | D:1      | Reached XP level 2. HP: 15/19 MP: 0/5
  1152 | D:2      | Gained mutation: You are mostly covered in molten scales.
                  | (AC +3) [demonic ancestry]
  1152 | D:2      | Reached XP level 3. HP: 19/24 MP: 2/6
  1911 | D:2      | Reached skill level 5 in Necromancy
  1915 | D:2      | Learned a level 3 spell: Vampiric Draining
  2104 | D:3      | Reached XP level 4. HP: 25/30 MP: 2/8
  2200 | D:3      | Found a burning altar of Makhleb.
  2670 | D:2      | Gained mutation: You have large cloven feet. [demonic
                  | ancestry]
  2670 | D:2      | Reached XP level 5. HP: 33/35 MP: 4/9
  2856 | D:3      | Found a faded altar of an unknown god.
  3101 | D:3      | Learned a level 4 spell: Animate Dead
  3553 | D:3      | Found a sacrificial altar of Ru.
  3554 | D:3      | Found a broken altar of Ashenzari.
  3563 | D:3      | Found a snail-covered altar of Cheibriados.
  3640 | D:4      | Found a hide-covered altar of Uskayaw.
  3654 | D:4      | Found a radiant altar of Vehumet.
  3749 | D:4      | Gained mutation: You have hoof-like feet. [demonic
                  | ancestry]
  3749 | D:4      | Reached XP level 6. HP: 36/41 MP: 5/11
  3931 | D:4      | Reached skill level 6 in Necromancy
  4425 | D:4      | Noticed a water moccasin
  4434 | D:4      | Killed a water moccasin
  4502 | D:4      | Learned a level 4 spell: Dispel Undead
  4535 | D:5      | Entered Level 5 of the Dungeon
  4882 | D:4      | Gained mutation: You regenerate magic rapidly. [demonic
                  | ancestry]
  4882 | D:4      | Reached XP level 7. HP: 25/46 MP: 9/13
  5073 | D:4      | Learned a level 2 spell: Corpse Rot
  5356 | D:5      | Reached skill level 7 in Necromancy
  5374 | D:5      | Reached skill level 5 in Spellcasting
  5412 | D:5      | Found a bloodstained altar of Trog.
  5421 | D:5      | Reached skill level 5 in Dodging
  5478 | D:5      | Found a shimmering blue altar of Sif Muna.
  5482 | D:5      | Got Sif Muna's Compendium of Blistering Envenoming
  5523 | D:5      | Gained mutation: A weak demonic guardian rushes to your
                  | aid. [demonic ancestry]
  5523 | D:5      | Reached XP level 8. HP: 51/52 MP: 9/15
  6086 | D:6      | Reached skill level 8 in Necromancy
  6212 | D:6      | Noticed Menkaure
  6220 | D:6      | Killed Menkaure
  6842 | D:1      | Bought a runed helmet for 225 gold pieces
  6968 | D:6      | Gained mutation: You are completely covered in molten
                  | scales. (AC +4, rF+) [demonic ancestry]
  6968 | D:6      | Reached XP level 9. HP: 57/57 MP: 15/18
  7359 | D:6      | Upgraded the game from 0.28-a0-984-g3775c662fe to
                  | 0.28-a0-991-g956f0ee3d5
  7390 | D:7      | Found an iron altar of Okawaru.
  7412 | D:7      | Found a flagged portal.
  7421 | Bailey   | Entered a bailey
  7465 | Bailey   | Noticed an orc warlord
  7528 | Bailey   | Noticed an orc knight
  7557 | Bailey   | Killed an orc knight
  7558 | Bailey   | Reached skill level 9 in Necromancy
  7658 | Bailey   | Noticed an orc knight
  7700 | Bailey   | Killed an orc knight
  7805 | Bailey   | Found a runed translucent gate.
  7806 | Bailey   | Found a runed translucent gate.
  7808 | Bailey   | Found a runed translucent gate.
  8178 | D:7      | Reached skill level 11 in Necromancy
  8178 | D:7      | Reached XP level 10. HP: 63/63 MP: 20/23
  8179 | D:7      | Reached skill level 10 in Dodging
  8179 | D:7      | Reached skill level 10 in Spellcasting
  8179 | D:7      | Reached skill level 12 in Necromancy
  8179 | D:7      | Reached XP level 11. HP: 68/68 MP: 20/25
  8221 | D:7      | Learned a level 6 spell: Death Channel
  8566 | D:7      | Noticed a six-headed hydra
  8699 | D:7      | Found a staircase to the Ecumenical Temple.
  8710 | Temple   | Entered the Ecumenical Temple
  8714 | Temple   | Became a worshipper of Kikubaaqudgha
  8952 | D:8      | Learned a level 5 spell: Agony
  8975 | D:8      | Noticed Maggie
  8997 | D:8      | Killed Maggie
  9151 | D:8      | Reached * piety under Kikubaaqudgha
  9151 | D:8      | Received a gift from Kikubaaqudgha
  9155 | D:8      | Learned a level 2 spell: Sublimation of Blood
  9174 | D:8      | Noticed Grum
  9194 | D:8      | Killed Grum
  9195 | D:8      | Reached skill level 13 in Necromancy
  9782 | D:9      | Noticed Erolcha
  9806 | D:8      | Cast into level 2 of the Abyss (Erolcha)
  9896 | Abyss:2  | Killed from afar by a smoke demon

Illustrated notes

Levels and vault maps discovered:
D:1:      minmay_arrival_hallway, layout_rooms, serial_shops, shop
D:2:      layout_rooms, minmay_fountain_box, dk_noncrumbling_4,
          kennysheep_generic_room_7
D:3:      layout_loops_ring, mainiacjoe_overflow_small_starburst, minitemple,
          mainiacjoe_overflow_alcove_4, ebering_ecumenical_altar_mist
D:4:      layout_basic, mainiacjoe_overflow_catwalk_spiral, minmay_cupped
D:5:      layout_rooms, nzn_overflow_gifts_of_might_and_magic,
          kennysheep_generic_room_8
D:6:      layout_gridville, uniq_menkaure
D:7:      layout_loops_ring, okawaru_trees_2, temple_fountains, enter_bailey_2,
          minmay_manual_mares
D:8:      layout_basic, uniq_grum, uniq_maggie
D:9:      layout_rooms, kennysheep_windowed_goal, uniq_erolcha, uniq_harold
Temple:   nicolae_temple_x_marks_the_god
Abyss:2:  base:
D:2

Skill      XL: |  1  2  3  4  5  6  7  8  9 10 11 |
---------------+----------------------------------+-----
Dodging        | 2 3 4 5 6 9 10 | 10.6
Necromancy     | 5 6 7 8 11 12 13 | 13.1
Spellcasting   | 3 4 5 6 9 10 | 10.7
Stealth        | |  1.7
Evocations     | |  0.2

Action                   |  1- 3 |  4- 6 |  7- 9 | 10-12 || total
-------------------------+-------+-------+-------+-------++-------
Melee: Short sword       |    19 |       |       |       ||    19
       Trident           |       |     3 |    58 |    12 ||    73
       Kick              |       |       |    10 |     6 ||    16
       Dagger            |       |       |       |    12 ||    12
 Cast: Pain              |    81 |   121 |   138 |    91 ||   431
       Vampiric Draining |       |       |    30 |    32 ||    62
       Dispel Undead     |       |       |    11 |     5 ||    16
       Corpse Rot        |       |       |     4 |     1 ||     5
       Animate Dead      |       |       |     1 |     3 ||     4
       Agony             |       |       |       |     6 ||     6
       Death Channel     |       |       |       |     6 ||     6
       Sublimation of Bl |       |       |       |     1 ||     1
  Use: Scroll            |       |       |     5 |     3 ||     8
       Potion            |       |       |     1 |     1 ||     2
 Stab: Distracted        |       |       |       |     1 ||     1
Armor: Robe              |    17 |     5 |       |       ||    22
       Leather armour    |       |    13 |    69 |    24 ||   106
       Swamp dragon scal |       |       |       |    24 ||    24
Dodge: Dodged            |    34 |    33 |   128 |   108 ||   303

Table legend: (Time is in decaauts)
 A = Elapsed time spent in this place.
 B = Non-inter-level travel time spent in this place.
 C = Inter-level travel time spent in this place.
 D = Time resting spent in this place.
 E = Time spent auto-exploring this place.
 F = Levels seen in this place.
 G = Mean time per level.
                   A        B        C        D        E       F      G
               +--------+--------+--------+--------+--------+-----+--------+
         Total |   9933 |   9523 |    410 |    471 |   6387 |  12 |  827.8 |
       Dungeon |   9111 |   8701 |    410 |    455 |   6093 |   9 | 1012.3 |
        Temple |      8 |      8 |      0 |      0 |      0 |   1 |    8.0 |
         Abyss |     89 |     89 |      0 |      0 |     43 |   1 |   89.0 |
        Bailey |    723 |    723 |      0 |     16 |    251 |   1 |  723.0 |
               +--------+--------+--------+--------+--------+-----+--------+

Top non-repeatable levels by time:
     D:3: 1459 daAuts
     D:1: 1404 daAuts
     D:4: 1385 daAuts
     D:6: 1365 daAuts
     D:8: 905 daAuts
     D:5: 892 daAuts
     D:2: 884 daAuts
     D:7: 724 daAuts
  Bailey: 723 daAuts
     D:9: 89 daAuts
 Abyss:2: 89 daAuts
  Temple: 8 daAuts
